 Dungeon Crawl Stone Soup version 0.30.2 (webtiles) character file.

Game seed: 4191765534120225035

235 porpoise the Vexing (level 5, 0/35 HPs)
             Began as a Demonspawn Enchanter on Feb 17, 2024.
             Slain by a sleepcap (3 damage)
             ... on level 4 of the Dungeon.
             The game lasted 00:15:48 (3307 turns).

porpoise the Vexing (Demonspawn Enchanter)          Turns: 3307, Time: 00:15:49

Health: 0/35       AC:  3    Str:  9    XL:     5   Next: 76%
Magic:  8/8        EV: 11    Int: 18    God:
Gold:   262        SH:  5    Dex:  8    Spells: 3/8 levels left

rFire   + . .        a - +1 dagger (venom)
rCold   . . .        (no shield)
rNeg    . . .        h - +0 robe
rPois   +            (helmet restricted)
rElec   .            (no cloak)
rCorr   +            j - +0 pair of gloves
SInv    .            (no boots)
Will    +....        t - amulet of reflection
Stlth   ++           d - ring of poison resistance
HPRegen 0.25/turn    p - ring "Alot" {rF+ Will+ rCorr Dex-5}
MPRegen 0.22/turn

%: reflection
@: no status effects
A: horns 1, magic regeneration, demonic magic 1
a: no special abilities


You were on level 4 of the Dungeon.
You visited 1 branch of the dungeon, and saw 4 of its levels.

You collected 318 gold pieces.
You spent 56 gold pieces at shops.

Inventory:

Hand Weapons
 a - a +1 dagger of venom (weapon)
 b - a +0 sling
 r - the +7 hand axe "Itoutweo" {distort, Dex+3}
   (You found it on level 2 of the Dungeon)

   Dex:       It affects your dexterity (+3).
Missiles
 y - a throwing net
Armour
 h - a +0 robe (worn)
 j - a +0 pair of gloves (worn)
Magical Staves
 o - a staff of death
Jewellery
 d - a ring of poison resistance (left hand)
 p - the ring "Alot" (right hand) {rF+ Will+ rCorr Dex-5}
   (You found it on level 2 of the Dungeon)

   [ring of protection from fire]

   Dex:       It affects your dexterity (-5).
   rF:        It protects you from fire.
   rCorr:     It protects you from acid and corrosion.
   Will:      It increases your willpower.
 t - an amulet of reflection (around neck)
Scrolls
 g - 2 scrolls of enchant weapon {unknown}
 i - 5 scrolls of teleportation
 k - a scroll of torment {unknown}
 l - 2 scrolls of brand weapon {unknown}
 n - a scroll of fear
 q - a scroll of immolation {unknown}
 v - a scroll of noise {unknown}
 x - a scroll of blinking {unknown}
 z - a scroll of enchant armour {unknown}
Potions
 c - 2 potions of invisibility
 e - 3 potions of flight
 f - 2 potions of curing
 m - 2 potions of haste
 s - a potion of might
 u - 2 potions of heal wounds {unknown}
 w - a potion of attraction {unknown}
 A - a potion of brilliance {unknown}


   Skills:
 + Level 2.4 Short Blades
 - Level 1.7 Dodging
 + Level 3.6 Stealth
 - Level 2.0 Spellcasting
 * Level 4.3 Hexes
 * Level 2.6 Ice Magic


You had 3 spell levels left.
You knew the following spells:

 Your Spells              Type           Power      Damage    Failure   Level
a - Confusing Touch       Hex            17%        N/A       9%          3
e - Ensorcelled Hibernat  Hex/Ice        28%        N/A       7%          2

Your spell library contained the following spells:

 Spells                   Type           Power      Damage    Failure   Level
 Tukima's Dance           Hex            17%        N/A       9%          3
 Necrotise                Necr           4%         1d4       19%         1
 Dazzling Flash           Conj/Hex       18%        N/A       22%         3
 Vampiric Draining        Necr           1%         2d6       47%         3
 Summon Lightning Spire   Summ/Air       1%         N/A       87%         4
 Agony                    Necr           1%         N/A       99%         5
 Alistair's Intoxication  Tmut/Pois      0%         N/A       99%         5
 Borgnjor's Vile Clutch   Necr/Erth      0%         N/A       99%         5
 Eringya's Noxious Bog    Tmut/Pois      0%         N/A       100%        6
 Storm Form               Tmut/Air       0%         N/A       100%        7
 Maxwell's Capacitive Co  Air            0%         ∞         100%        8


Dungeon Overview and Level Annotations

Branches:
Dungeon (4/15)
 Temple: D:4-7

Altars:
Qazlal
Sif Muna

Shops:
D:1 !:?=


Innate Abilities, Weirdness & Mutations

You have a pair of small horns on your head.
You regenerate magic rapidly.
Spells you cast may paralyse adjacent enemies.


Message History

You hit the sleepcap.
The sleepcap is moderately damaged.
The sleepcap barely misses you.
You hit the sleepcap but do no damage.
You headbutt the sleepcap, but do no damage.
The sleepcap is moderately damaged.
The sleepcap releases spores at you.
You are engulfed in a cloud of soporific spores!
You fall asleep.
The sleepcap releases spores at you!
You wake up.
You are engulfed in a cloud of soporific spores!
You are unaffected.
You hit the sleepcap but do no damage.
The sleepcap is moderately damaged.
The sleepcap releases spores at you but does no damage.
You hit the sleepcap but do no damage.
The sleepcap is heavily damaged.
The sleepcap closely misses you.
You hit the sleepcap.
You headbutt the sleepcap, but do no damage.
The sleepcap is severely damaged.
The sleepcap releases spores at you.
* * * LOW HITPOINT WARNING * * *
You are engulfed in a cloud of soporific spores!
You are unaffected.
Casting: Ensorcelled Hibernation (safe; 7% risk of failure)
Confirm with . or Enter, or press ? or * to list all spells.
You can't see any susceptible monsters within range! (Use Z to cast anyway.) Unknown command.
You hit the sleepcap but do no damage.
The sleepcap is severely damaged.
The sleepcap releases spores at you but does no damage.
You hit the sleepcap but do no damage.
The sleepcap is almost destroyed.
The sleepcap releases spores at you!
* * * LOW HITPOINT WARNING * * *
You hit the sleepcap but do no damage.
The sleepcap is almost destroyed.
The sleepcap releases spores at you.
You die...

.. ..# #.#
#######.#
........#
######..#
#..##########
#.........?.#
##.########.#
#.# #@# #.#
#f# #.# #.#
#.# #.# #.#
#.# #.. #.#
#.# #.#


You could see a sleepcap (very poisoned).

Vanquished Creatures
  A bullfrog (D:4)
  A hound (D:4)
  5 adders
  A gnoll (D:3)
  A worm (D:2)
  4 dart slugs
  3 orcs (D:4)
  7 endoplasms
  4 giant cockroaches
  9 goblins
  5 hobgoblins
  3 jackals (D:2)
  2 quokkas
  6 ball pythons
  5 bats
  4 frilled lizards
  4 kobolds
  8 rats
73 creatures vanquished.

Notes
Turn   | Place    | Note
-------+----------+-------------------------------------------
     0 | D:1      | porpoise the Demonspawn Enchanter began the quest for the
                  | Orb.
     0 | D:1      | Reached XP level 1. HP: 13/13 MP: 3/3
    21 | D:1      | Found Neugo's Jewellery Shoppe.
    33 | D:1      | Reached skill level 1 in Short Blades
   151 | D:1      | Found Oseficw's Magic Scroll Shop.
   315 | D:1      | Gained mutation: Spells you cast may paralyse adjacent
                  | enemies. [demonic ancestry]
   315 | D:1      | Reached XP level 2. HP: 19/19 MP: 5/5
   322 | D:1      | Learned a level 2 spell: Ensorcelled Hibernation
   729 | D:1      | Found Apudanafe's Book Boutique.
   903 | D:1      | Found Ypoufiot's Distillery.
   908 | D:1      | Bought a potion of curing for 42 gold pieces
   908 | D:1      | Bought a potion of degeneration for 14 gold pieces
  1179 | D:2      | Reached XP level 3. HP: 23/24 MP: 1/6
  1255 | D:2      | Identified the ring "Alot" {rF+ Will+ rCorr Dex-5}
  1351 | D:2      | Reached skill level 1 in Ice Magic
  1732 | D:2      | Identified the +7 hand axe "Itoutweo" {distort, Dex+3}
  1795 | D:2      | Learned a level 3 spell: Confusing Touch
  2165 | D:3      | Gained mutation: You have a pair of small horns on your
                  | head. [demonic ancestry]
  2165 | D:3      | Reached XP level 4. HP: 26/30 MP: 7/7
  2721 | D:3      | Found a stormy altar of Qazlal.
  2908 | D:4      | Reached skill level 4 in Hexes
  2908 | D:4      | Gained mutation: You regenerate magic rapidly. [demonic
                  | ancestry]
  2908 | D:4      | Reached XP level 5. HP: 34/35 MP: 1/8
  3238 | D:4      | Found a shimmering blue altar of Sif Muna.
  3307 | D:4      | Slain by a sleepcap

Illustrated notes

Levels and vault maps discovered:
D:1:      psy_arrival_spokes, layout_loops_cross, serial_shops,
          nicolae_shop_gaudy_bauble, shop_fountains,
          nicolae_shop_tiny_waterfront, nicolae_shop_tiny_waterfront,
          minivault_14, minmay_tree_intersection, minmay_tetromino_i2
D:2:      layout_loops_corners
D:3:      minmay_chambers_of_threes, layout_rooms, grunt_qazlal_clouds
D:4:      layout_loops_ring, kennysheep_mini_moat, amcnicky_altar_gilded,
          minmay_misc_feat_five

Skill      XL: |  1  2  3  4 |
---------------+-------------+-----
Short Blades   | 1 2 |  2.4
Stealth        | 3 |  3.6
Ice Magic      | 1 2 |  2.6
Hexes          | 4 |  4.3
Dodging        | |  1.7
Spellcasting   | |  2.0

Action                     |  1- 3 |  4- 6 || total
---------------------------+-------+-------++-------
  Melee: Dagger            |   150 |   114 ||   264
         Headbutt          |       |    14 ||    14
         Punch             |       |     3 ||     3
   Fire: Sling             |     4 |       ||     4
   Cast: Ensorcelled Hiber |     9 |    12 ||    21
         Confusing Touch   |       |     1 ||     1
    Use: Scroll            |       |     5 ||     5
   Stab: Sleeping          |    11 |    10 ||    21
         Paralysed         |     4 |     8 ||    12
 Armour: Robe              |    34 |    15 ||    49
  Dodge: Dodged            |    83 |    44 ||   127
  Block: Other             |       |    20 ||    20
         Reflection        |       |     1 ||     1
